 Dungeon Crawl Stone Soup version 0.25-a0-651-g8c222c7a2b (console) character file.

Game seed: 13796924606938408968, levelgen mode: classic

7840 Duffy the Thaumaturge (level 11, -3/64 HPs)
             Began as a Deep Elf Earth Elementalist on Mar 22, 2020.
             Was a Priest of Sif Muna.
             Slain by a freezing wraith (9 damage)
             ... in an ice cave.
             The game lasted 00:19:13 (13228 turns).

Duffy the Thaumaturge (DEEE)                       Turns: 13228, Time: 00:19:14

Health: -3/64      AC:  8    Str:  5    XL:     11   Next: 2%
Magic:  14/27      EV: 15    Int: 24    God:    Sif Muna [***...]
Gold:   381        SH:  3    Dex: 15    Spells: 16/30 levels left

rFire    x . .     SeeInvis .   d - 15 rations
rCold    + . .     Gourm    .   (no shield)
rNeg     + . .     Faith    .   f - +2 leather armour {rPois}
rPois    +         Spirit   .   g - +0 helmet
rElec    .         Reflect  +   (no cloak)
rCorr    .         Harm     .   D - +0 pair of gloves
MR       +....                  u - +0 pair of boots
Stlth    ++........             h - +3 amulet of reflection
HPRegen  0.20/turn              i - ring of positive energy
MPRegen  0.20/turn              q - ring of ice

@: slowed, very slow
A: no striking features
a: Channel Magic, Forget Spell, Renounce Religion


You were in an ice cave.
You worshipped Sif Muna.
Sif Muna was most pleased with you.
You were not hungry.

You visited 2 branches of the dungeon, and saw 12 of its levels.
You also visited: Ice Cave.

You collected 678 gold pieces.
You spent 297 gold pieces at shops.

Inventory:

Hand Weapons
 y - a +0 glaive of distortion
 A - a +1 falchion of electrocution
 L - a +3 hand axe of electrocution
Missiles
 H - a throwing net
 I - 5 curare-tipped darts (quivered)
Armour
 f - a +2 leather armour of poison resistance (worn)
 g - a +0 helmet (worn)
 u - a +0 pair of boots (worn)
 w - +0 swamp dragon scales
 D - a +0 pair of gloves (worn)
Jewellery
 h - a +3 amulet of reflection (around neck)
 i - a ring of positive energy (left hand)
 q - a ring of ice (right hand)
 z - an uncursed amulet of the acrobat
 B - an uncursed amulet of the gourmand
Wands
 v - a wand of paralysis (8)
 x - a wand of random effects (21)
 J - a wand of flame (11)
Scrolls
 a - 3 scrolls of identify
 b - a scroll of enchant armour
 c - 2 scrolls of magic mapping
 k - 10 scrolls of remove curse {unknown}
 m - 2 scrolls of enchant weapon
 n - 2 scrolls of amnesia
 o - 3 scrolls of teleportation
 t - a scroll of fog
 C - a scroll of blinking
 F - a scroll of immolation
Potions
 e - a potion of brilliance
 j - 3 potions of magic
 l - 7 potions of curing
 s - a potion of heal wounds
 E - a potion of invisibility
 G - a potion of lignification
 K - a potion of mutation
 N - a potion of cancellation
Comestibles
 d - 15 rations (in hand)


   Skills:
 - Level 6.0 Fighting
 - Level 6.4 Dodging
 - Level 2.4 Stealth
 + Level 10.4 Spellcasting
 - Level 5.0 Conjurations
 - Level 2.2 Translocations
   Level 1.1 Transmutations
 - Level 8.0 Earth Magic
 + Level 8.3 Invocations
 - Level 5.0 Evocations


You had 16 spell levels left.
You knew the following spells:

 Your Spells              Type           Power        Failure   Level  Hunger
h - Stone Arrow           Conj/Erth      #####.       1%          3    None
j - Sandblast             Erth           ######       1%          1    None
k - Lee's Rapid Deconstr  Erth           ######....   9%          5    ####...
o - Mephitic Cloud        Conj/Pois/Air  ###.....     13%         3    None
B - Blink                 Tloc           N/A          4%          2    None

Your spell library contained the following spells:

 Spells                   Type           Power        Failure   Level  Hunger
 Magic Dart               Conj           ####         1%          1    None
 Passwall                 Tmut/Erth      ####....     1%          2    None
 Shock                    Conj/Air       ###.         3%          1    None
 Conjure Flame            Conj/Fire      ###.....     9%          3    None
 Static Discharge         Conj/Air       ###.....     9%          3    None
 Call Imp                 Summ           ##......     13%         2    None
 Slow                     Hex            ##......     13%         2    None
 Swiftness                Chrm/Air       ##......     13%         2    None
 Petrify                  Tmut/Erth      ####....     13%         4    None
 Airstrike                Air            ##........   63%         4    None
 Lightning Bolt           Conj/Air       ###.......   63%         5    ####...


Dungeon Overview and Level Annotations

Branches:
Dungeon (12/15)            Temple (1/1) D:6             Orc (0/2) D:12
  IceCv (1/1)
   Lair: D:8-11

Altars:
Cheibriados
Dithmenos
Elyvilon
Fedhas
Gozag
Hepliaklqana
Kikubaaqudgha
Makhleb
Nemelex Xobeh
Okawaru
Qazlal
Ru
Sif Muna
Trog
Uskayaw
Vehumet
Wu Jian
Xom
Yredelemnul
Zin
The Shining One

Shops:
D:5 ?   D:6 =

Annotations:
D:4 exclusion: upstairs


Message History

The freezing wraith is heavily damaged.
You hear a shout!
The freezing wraith hits you! The freezing wraith freezes you! You resist.
The freezing wraith misses you.
Cast which spell? (? or * to list)
Aiming: Lee's Rapid Deconstruction (slightly dangerous; 9% risk of failure)
Press: ? - help, Dir - move target cursor An ice covered rock wall.
The wall shatters!
The blast of rock fragments hits the freezing wraith!!
The freezing wraith is almost destroyed.
You are starving!
You feel less invigorated. The freezing wraith hits you.
The freezing wraith freezes you! You resist.
The freezing wraith closely misses you. You block the freezing wraith's attack.
The freezing wraith barely misses you.
You don't have the energy to cast that spell.
You eat one of the 16 rations.
That ration really hit the spot!
The freezing wraith hits you! The freezing wraith freezes you! You resist.
You die...
ZZ

#...##
##...............##
.5 #..###
##....###........##
#....## #...###
###...#### ##....##
#..## #####
###...###...#
##...###..##
##...###..##
##...###..##
###..W@...#
###....## ######


You could see a freezing wraith.

Vanquished Creatures
  The ghost of stillor the Slasher, a novice DsGl (D:5)
  Maggie (D:6)
  8 freezing wraiths (IceCv)
  Grinder (D:6)
  A hippogriff (D:11)
  Sigmund (D:2)
  4 yaks (D:9)
  A water moccasin (D:12)
  Duvessa (D:4)
  3 orc warriors
  A phantom (D:8)
  A sky beast (D:5)
  A necrophage (D:9)
  A black bear (D:12)
  6 ice beasts (IceCv)
  2 ogres
  4 centaurs
  4 bullfrogs
  Dowan (D:3)
  8 killer bees
  A scorpion (D:8)
  A howler monkey (D:8)
  3 crimson imps
  A bullfrog zombie (D:7)
  A draconian simulacrum (IceCv)
  6 orc priests
  A bullfrog skeleton (D:9)
  2 jellies
  A hound (D:5)
  A centaur skeleton (D:4)
  5 iguanas
  4 worker ants
  Ijyb (D:2)
  7 orc wizards
  4 wolf simulacra (IceCv)
  A hound zombie (D:5)
  3 worker ant zombies
  Robin (D:2)
  6 gnolls
  9 adders
  A naga simulacrum (IceCv)
  3 shadow imps
  17 white imps
  An ooze (D:2)
  An adder skeleton (D:8)
  4 worms
  4 dart slugs (D:1)
  8 leopard geckos
  30 orcs
  3 ball pythons
  5 giant cockroaches
  12 hobgoblins
  4 jackals (D:3)
  8 kobolds
  5 quokkas
  9 bats
  7 frilled lizards
  A giant cockroach zombie (D:6)
  27 goblins
  A leopard gecko skeleton (D:4)
  9 rats
270 creatures vanquished.

Notes
Turn   | Place    | Note
-------+----------+-------------------------------------------
     0 | D:1      | Duffy the Deep Elf Earth Elementalist began the quest for
                  | the Orb.
     0 | D:1      | Reached XP level 1. HP: 10/10 MP: 6/6
   317 | D:1      | Reached XP level 2. HP: 15/15 MP: 5/8
   676 | D:1      | Reached skill level 4 in Spellcasting
   726 | D:1      | Reached XP level 3. HP: 19/19 MP: 8/10
   731 | D:1      | Learned a level 3 spell: Stone Arrow
  1270 | D:2      | Found a stormy altar of Qazlal.
  1271 | D:2      | Reached skill level 1 in Conjurations
  1452 | D:2      | Reached XP level 4. HP: 24/24 MP: 3/12
  1557 | D:2      | Found an iron altar of Okawaru.
  2128 | D:2      | Reached skill level 5 in Spellcasting
  2199 | D:2      | Noticed Sigmund
  2206 | D:2      | Killed Sigmund
  2206 | D:2      | Reached skill level 6 in Spellcasting
  2206 | D:2      | Reached XP level 5. HP: 28/28 MP: 7/15
  2429 | D:2      | Learned a level 5 spell: Lee's Rapid Deconstruction
  2446 | D:3      | Noticed Robin
  2562 | D:2      | Killed Robin
  2562 | D:2      | Reached XP level 6. HP: 32/32 MP: 10/17
  3308 | D:3      | Reached skill level 7 in Spellcasting
  3312 | D:3      | Noticed Ijyb
  3398 | D:2      | Killed Ijyb
  3688 | D:3      | Found a blossoming altar of Fedhas.
  3692 | D:3      | Reached skill level 8 in Spellcasting
  4043 | D:4      | Noticed Dowan
  4048 | D:4      | Noticed Duvessa
  4056 | D:4      | Killed Duvessa
  4056 | D:4      | Reached XP level 7. HP: 36/36 MP: 11/21
  4062 | D:3      | Killed Dowan
  4062 | D:3      | Reached skill level 9 in Spellcasting
  4476 | D:4      | You fall into a shaft and drop 3 floors!
  4502 | D:7      | Reached skill level 1 in Fighting
  4815 | D:6      | Noticed Maggie
  4878 | D:7      | Reached skill level 10 in Spellcasting
  4878 | D:7      | Reached XP level 8. HP: 44/44 MP: 21/24
  5077 | D:6      | Killed Maggie
  5077 | D:6      | Reached skill level 5 in Dodging
  5182 | D:5      | Entered Level 5 of the Dungeon
  5486 | D:5      | Found a glowing silver altar of Zin.
  5881 | D:4      | Found a shimmering altar of Xom.
  5881 | D:4      | Found a basalt altar of Yredelemnul.
  5935 | D:3      | Found a shadowy altar of Dithmenos.
  6630 | D:5      | Found Jin Enek's Magic Scroll Boutique.
  6792 | D:5      | Found a runed translucent gate.
  6792 | D:5      | Found a runed translucent gate.
  6792 | D:5      | Found a runed translucent gate.
  6794 | D:5      | Found an opulent altar of Gozag.
  6797 | D:5      | Noticed stillor's ghost (novice DsGl)
  6815 | D:5      | Killed stillor's ghost
  6815 | D:5      | Reached skill level 5 in Fighting
  7036 | D:5      | Found a snail-covered altar of Cheibriados.
  7037 | D:5      | Reached XP level 9. HP: 54/54 MP: 21/25
  7126 | D:5      | Bought a scroll of magic mapping for 45 gold pieces
  7126 | D:5      | Bought a scroll of identify for 26 gold pieces
  7126 | D:5      | Bought a scroll of amnesia for 45 gold pieces
  7126 | D:5      | Bought a scroll of immolation for 45 gold pieces
  7126 | D:5      | Bought a scroll of random uselessness for 13 gold pieces
  7126 | D:5      | Bought a scroll of identify for 26 gold pieces
  7126 | D:5      | Bought a scroll of enchant weapon for 97 gold pieces
  7169 | D:5      | Learned a level 2 spell: Blink
  7173 | D:5      | Learned a level 3 spell: Mephitic Cloud
  7735 | D:6      | Found Wiressij's Jewellery Shop.
  7779 | D:6      | Found a staircase to the Ecumenical Temple.
  7786 | Temple   | Entered the Ecumenical Temple
  7920 | Temple   | Became a worshipper of Sif Muna the Loreminder
  7938 | D:6      | Reached skill level 1 in Evocations
  8058 | D:6      | Noticed Grinder
  8067 | D:6      | Killed Grinder
  9889 | D:8      | Reached * piety under Sif Muna
  9889 | D:8      | Reached skill level 5 in Evocations
 10148 | D:8      | Reached skill level 1 in Invocations
 10264 | D:8      | Found a glowing silver altar of Zin.
 10510 | D:8      | Reached skill level 5 in Conjurations
 10510 | D:8      | Reached skill level 5 in Earth Magic
 10856 | D:8      | Found a white marble altar of Elyvilon.
 10863 | D:8      | Found a glowing golden altar of the Shining One.
 10863 | D:8      | Found a hazy altar of Hepliaklqana.
 10864 | D:8      | Found a radiant altar of Vehumet.
 10976 | D:9      | Reached ** piety under Sif Muna
 11017 | D:9      | Reached XP level 10. HP: 60/60 MP: 8/26
 11198 | D:9      | You fall into a shaft and drop 3 floors!
 11285 | D:12     | Noticed a white ugly thing
 11323 | D:12     | Found a staircase to the Orcish Mines.
 11552 | D:11     | Reached skill level 5 in Invocations
 11733 | D:11     | Found a frozen archway.
 11759 | IceCv    | Entered an ice cave
 12317 | IceCv    | Reached skill level 1 in Translocations
 12990 | IceCv    | Reached *** piety under Sif Muna
 13153 | IceCv    | Found an ancient bone altar of Kikubaaqudgha.
 13198 | IceCv    | Reached XP level 11. HP: 64/64 MP: 3/27
 13228 | IceCv    | Slain by a freezing wraith

Levels and vault maps discovered:
D:1:      eino_arrival_druids_welcome, layout_loops_ring,
          chequers_serial_rivers_micro_a, st_stairs_6, minmay_misc_feat_columns,
          minmay_misc_feat_five, minmay_ruptured
D:2:      layout_basic, okawaru_ov_weapons_minmay,
          nicolae_qazlal_general_emergency, first_ration, skrybe_limestone_x,
          uniq_sigmund
D:3:      layout_rooms, nicolae_overflow_hidden_temple,
          overflow_temple_1_default, serial_aquarium,
          aquarium_bridge_island_small [aquarium_subvault_small_open,
          aquarium_subvault_wall, aquarium_subvault_wall,
          aquarium_subvault_window, aquarium_subvault_bridge],
          aquarium_bridge_square [aquarium_subvault_bridge,
          aquarium_subvault_wall, aquarium_subvault_wall,
          aquarium_subvault_window], aquarium_window_1, aquarium_window_corner,
          aquarium_view_2g, aquarium_view_2d, uniq_ijyb, uniq_robin
D:4:      layout_loops_ring, gammafunk_temple_overflow_elements, uniq_duvessa
D:5:      layout_rooms, marbit_many_paths, kennysheep_little_box, serial_shops,
          shop, ebering_ghost_gozag
D:6:      layout_cave_pods, temple_green, serial_shops, shop,
          hangedman_abyss_or_decor_stabs, uniq_maggie, uniq_grinder
D:7:      layout_layer_cave
D:8:      layout_loops_corners, minitemple, basic_altar
D:9:      layout_basic, evilmike_ruin_ashenzari, uniq_psyche
D:11:     minmay_inner_zag, layout_basic, portal_ice_cave_entry_imps
D:12:     layout_irregular_city, kennysheep_orc_monster_closet_entryway,
          serial_co_window_serial, co_window_corner_a, co_window_corner_a,
          co_window_corner_a, co_window_paths_a, co_window_of_opportunity_a,
          co_window_unsneaky_path_a, co_window_corner_cb, co_window_corner_cb,
          co_window_of_opportunity_b, glass_columns_a, glass_columns_a,
          glass_columns_c, glass_columns_a, glass_columns_b, serial_park_tiny_1
Temple:   nicolae_temple_figure_zero
IceCv:    ice_cave_small_necro

Skill      XL: |  1  2  3  4  5  6  7  8  9 10 |
---------------+-------------------------------+-----
Spellcasting   | 4 6 8 10 | 10.4
Earth Magic    | 4 5 8 |  8.0
Conjurations   | 1 3 4 5 |  5.0
Fighting       | 1 5 6 |  6.0
Dodging        | 3 6 |  6.4
Evocations     | 5 |  5.0
Invocations    | 3 8 |  8.3
Translocations | 2 |  2.2
Stealth        | |  2.4
Transmutations | |  1.1

Action                   |  1- 3 |  4- 6 |  7- 9 | 10-12 || total
-------------------------+-------+-------+-------+-------++-------
 Cast: Sandblast         |    59 |    49 |   146 |    34 ||   288
       Stone Arrow       |       |    50 |    97 |    52 ||   199
       Lee's Rapid Decon |       |       |     1 |    29 ||    30
       Blink             |       |       |     1 |    13 ||    14
Invok: Channel Magic     |       |       |       |     3 ||     3
Evoke: Wand              |       |       |     9 |    30 ||    39
  Use: Scroll            |     4 |     1 |     9 |     2 ||    16
       Potion            |       |     1 |       |       ||     1
  Eat: Chunk             |     1 |     9 |    33 |     3 ||    46
       Ration            |       |       |       |     1 ||     1
Armor: Robe              |     1 |    12 |     1 |       ||    14
       Leather armour    |       |       |    22 |    12 ||    34
Dodge: Dodged            |    19 |    47 |    63 |    38 ||   167
Block: Other             |     2 |     6 |     3 |     3 ||    14
       Reflection        |       |     1 |       |       ||     1

Table legend:
 A = Non-vault XP
 B = Vault XP
 C = Vault XP percentage of total XP
 D = Non-vault monster count
 E = Vault monster count
 F = Vault count percentage of total count
                 A         B        C        D         E       F
            +---------+---------+-------+---------+---------+-------
      Total |    5448 |    5752 |  51.4 |     203 |      67 |  24.8
            +---------+---------+-------+---------+---------+-------
        D:1 |      54 |      14 |  20.6 |      28 |       6 |  17.6
        D:2 |      68 |     288 |  80.9 |      25 |      10 |  28.6
        D:3 |     238 |      91 |  27.7 |      31 |       6 |  16.2
        D:4 |     350 |     138 |  28.3 |      14 |       1 |   6.7
        D:5 |     272 |     448 |  62.2 |      10 |       3 |  23.1
        D:6 |     259 |     685 |  72.6 |      14 |       2 |  12.5
        D:7 |     851 |       0 |   0.0 |      21 |       0 |   0.0
        D:8 |    1406 |       0 |   0.0 |      42 |       0 |   0.0
        D:9 |    1003 |       0 |   0.0 |       6 |       0 |   0.0
       D:11 |     641 |     103 |  13.8 |       9 |      10 |  52.6
       D:12 |     306 |     139 |  31.2 |       3 |       2 |  40.0
      IceCv |       0 |    3846 | 100.0 |       0 |      27 | 100.0
            +---------+---------+-------+---------+---------+-------
